Map: Dash and Terminal LE (Void)

Players

Cracktheskye

  • Race: Terran Terran

BamBam - Winner!

  • Race: Protoss Protoss

VOD

Have the link to the VOD?

Description

Time

  • Played on: Oct. 3, 2015, 9:44 a.m.
  • Length: 10:09
Show
View Real Time Build Order
Export as new Build Order

Cracktheskye Terran 

Build Orders:  

Get SALT Encoding   

  12  0:07  SCV  
  13  0:16  Supply Depot  
  13  0:19  SCV  
  14  0:24  Refinery  
  14  0:31  SCV  
  15  0:46  SCV  
  16  0:54  Refinery  
  16  1:01  Barracks  
  16  1:04  SCV  
  17  1:16  SCV  
  18  1:29  SCV  
  19  1:48  Reaper  
  19  1:50  Orbital Command  
  20  1:54  Factory  
  20  2:04  Factory  
  20  2:07  Supply Depot  
  20  2:21  SCV  
  21  2:29  Reaper  
  22  2:52  Command Center  
  22  3:03  Factory Tech Lab  
  22  3:10  Reaper  
  22  3:12  Barracks  
  23  3:20  SCV  
  24  3:32  SCV  
  25  3:37  Cyclone  
  28  3:44  SCV  
  29  3:49  Factory Tech Lab  
  29  3:57  SCV  
  29  3:59  Refinery  
  28  4:05  Refinery  
  28  4:07  Reaper x2  
  28  4:09  Cyclone  
  33  4:23  SCV x2  
  35  4:38  Orbital Command  
  35  4:39  Reaper x2  
  30  5:11  Reaper x2  
  29  5:21  Widow Mine  
  31  5:28  Cyclone  
  31  5:31  SCV  
  31  5:32  SCV  
  29  5:43  Marine x2  
  29  5:44  SCV x2  
  26  5:59  Cyclone  
  26  6:01  Cyclone  
  32  6:06  Reaper  
  33  6:16  SCV  
  33  6:17  SCV  
  27  6:54  Cyclone  
  24  7:26  SCV  
  24  7:27  SCV  
  26  7:32  Cyclone  
  29  7:38  SCV  
  29  7:39  SCV  
  31  7:51  SCV x2  
  33  8:04  Cyclone  
  36  8:07  SCV x2  
  36  8:08  Barracks Tech Lab  
  38  8:17  Factory  
  38  8:19  SCV x2, Barracks Reactor  
  40  8:27  Mag-Field Accelerator  
  40  8:36  Cyclone  
  40  8:40  Barracks  
  43  8:41  Barracks  
  43  8:43  SCV  
  43  8:44  SCV, Barracks  
  45  8:55  SCV  
  46  9:10  Command Center  
  46  9:12  Factory Reactor  
  46  9:25  SCV x2, Cyclone, Marine x2  
  46  9:30  Supply Depot  
  46  9:31  Barracks Tech Lab x2  
  53  9:32  Barracks Reactor  
  53  9:36  Supply Depot  
  53  9:37  Supply Depot  
  53  9:51  Starport  
Show
View Real Time Build Order
Export as new Build Order

BamBam Protoss - Winner!

Build Orders:  

Get SALT Encoding   

  12  0:03  Probe (Chrono Boost)  
  13  0:18  Pylon  
  13  0:19  Probe (Chrono Boost)  
  14  0:29  Probe (Chrono Boost)  
  15  0:40  Gateway  
  15  0:59  Probe (Chrono Boost), Assimilator  
  15  1:03  Assimilator  
  16  1:09  Probe (Chrono Boost)  
  17  1:11  Pylon  
  17  1:20  Probe (Chrono Boost)  
  18  1:32  Cybernetics Core  
  18  1:36  Gateway  
  18  1:37  Probe (Chrono Boost)  
  19  1:47  Probe (Chrono Boost)  
  19  1:48  Forge  
  20  1:58  Probe (Chrono Boost)  
  22  2:08  Probe (Chrono Boost)  
  22  2:19  Stargate  
  22  2:24  Pylon  
  22  2:30  Gateway  
  22  2:32  Probe (Chrono Boost)  
  23  2:42  Probe (Chrono Boost)  
  24  2:56  Probe (Chrono Boost)  
  24  2:57  Protoss Ground Weapons Level 1  
  25  3:02  Zealot x2  
  29  3:07  Probe (Chrono Boost)  
  30  3:20  Void Ray  
  34  3:29  Zealot x2  
  34  3:31  Warp Gate  
  38  4:44  Pylon  
  36  5:00  Void Ray  
  36  5:06  Pylon  
  30  5:58  Stalker  
  30  6:01  Stalker  
  30  6:03  Stalker  
  36  6:10  Void Ray  
  40  6:37  Nexus  
  40  6:52  Stalker  
  42  6:54  Stalker  
  42  6:56  Stalker  
  42  7:05  Assimilator  
  42  7:09  Void Ray  
  44  7:35  Pylon  
  44  7:40  Pylon  
  44  7:43  Assimilator  
  44  7:52  Void Ray  
  44  7:55  Stalker  
  44  7:57  Stalker  
  52  7:58  Stalker  
  52  8:02  Probe (Chrono Boost)  
  52  8:05  Probe (Chrono Boost)  
  57  8:12  Probe (Chrono Boost)  
  57  8:13  Protoss Air Weapons Level 1  
  57  8:14  Probe (Chrono Boost)  
  57  8:15  Protoss Ground Armor Level 1 (Chrono Boost)  
  58  8:24  Probe x2  
  58  8:34  Probe  
  58  8:36  Probe  
  60  8:43  Void Ray  
  60  8:45  Probe  
  60  8:48  Probe  
  66  8:52  Pylon  
  66  8:53  Photon Cannon  
  66  8:55  Probe  
  66  8:56  Photon Cannon  
  66  8:59  Pylon  
  66  9:02  Pylon  
  67  9:06  Probe  
  68  9:10  Probe  
  68  9:17  Probe  
  69  9:19  Pylon  
  69  9:22  Gateway, Probe  
  71  9:25  Gateway  
  71  9:28  Gateway  
  71  9:33  Pylon  
  71  9:35  Probe  
  72  9:44  Stalker  
  72  9:45  Stalker, Probe  
  76  9:56  Probe  
Tags
 
Add a new tag
Caveats
  • Supply blocks, unpowered buildings, or Contaminate may cause inaccurate times.
  • Supply counts are checked every 10 seconds.